 Dungeon Crawl Stone Soup version 0.30-a0-354-g6b83867211 (webtiles) character file.

Game seed: 17080121405133288756

172 mopl the Shooter (level 5, 0/34 HPs)
             Began as an Octopode Hexslinger on Nov 7, 2022.
             Slain by an orc
             ... wielding a +0 whip
              (5 damage)
             ... on level 3 of the Dungeon.
             The game lasted 00:06:44 (3415 turns).

mopl the Shooter (Octopode Hexslinger)              Turns: 3415, Time: 00:06:45

Health: 0/34       AC:  1    Str:  9    XL:     5   Next: 53%
Magic:  8/8        EV: 17    Int: 18    God:
Gold:   194        SH:  0    Dex: 12    Spells: 0/8 levels left

rFire   . . .      SeeInvis .    b - +3 dagger
rCold   . . .      Faith    .    (no shield)
rNeg    . . .      Spirit   .    (helmet restricted)
rPois   .          Reflect  .    (no amulet)
rElec   .          Harm     .    c - +4 ring of evasion
rCorr   .          Rampage  .    (no ring)
Will    .....                    (no ring)
Stlth   ++........               (no ring)
HPRegen 0.25/turn                (no ring)
MPRegen 0.11/turn                (no ring)
                                 (no ring)
                                 (no ring)

@: mighty
A: almost no armour, amphibious, 8 rings, camouflage 1, gelatinous body 1,
(nimble swimmer 1), tentacles
a: no special abilities


You were on level 3 of the Dungeon.
You visited 1 branch of the dungeon, and saw 4 of its levels.

You collected 194 gold pieces.

Inventory:

Hand Weapons
 a - a +1 sling
 b - a +3 dagger (weapon)
Missiles
 h - 4 poisoned darts
Jewellery
 c - a +4 ring of evasion (left tentacle)
Wands
 m - a wand of flame (30)
Scrolls
 d - a scroll of silence {unknown}
 e - 2 scrolls of teleportation {unknown}
 g - a scroll of brand weapon {unknown}
 j - 2 scrolls of identify {unknown}
 k - a scroll of noise {unknown}
 n - a scroll of vulnerability {unknown}
 p - a scroll of enchant armour {unknown}
 q - a scroll of poison
Potions
 f - a potion of lignification {unknown}
 i - a potion of resistance {unknown}
 l - a potion of mutation {unknown}
 o - a potion of might
 r - a potion of heal wounds {unknown}


   Skills:
 + Level 1.6 Fighting
 * Level 3.7 Ranged Weapons
 + Level 2.4 Dodging
 + Level 0.8 Stealth
 + Level 2.2 Spellcasting
 + Level 3.6 Hexes
 + Level 0.8 Evocations


You couldn't memorise any spells.
You knew the following spells:

 Your Spells              Type           Power      Damage    Failure   Level
a - Slow                  Hex            60%        N/A       4%          1
b - Ensorcelled Hibernat  Hex/Ice        16%        N/A       13%         2
h - Inner Flame           Hex/Fire       8%         N/A       26%         3
p - Passwall              Tmut/Erth      0%         N/A       26%         2

Your spell library contained the following spells:

 Spells                   Type           Power      Damage    Failure   Level
 Portal Projectile        Hex/Tloc       16%        N/A       26%         3
 Cause Fear               Hex            7%         N/A       36%         4
 Swiftness                Air            1%         N/A       47%         3


Dungeon Overview and Level Annotations

Branches:
Dungeon (4/15)
 Temple: D:4-7

Altars:
Hepliaklqana

Annotations:
D:1 Terence
D:4 Eustachio


Innate Abilities, Weirdness & Mutations

You cannot wear most types of armour.
You are amphibious.
You can wear up to eight rings at the same time.
Your skin changes colour to match your surroundings (Stealth+).
Your rubbery body absorbs attacks. (AC +1, EV +1)
((You are camouflaged when in or above water. (Stealth+)))
You have tentacles for arms and can constrict up to eight enemies at once.


Message History

There is a stone staircase leading down here.
You start resting.
HP restored.
You climb downwards.
Level annotation: Eustachio The orc hits you with a +0 whip.
The orc priest invokes the aid of Beogh against you.
Pain shoots through your body! The kobold misses you.
The orc barely misses you. The orc completely misses you.
There is a stone staircase leading up here.
The orc closely misses you. The orc misses you. The kobold barely misses you.
The orc priest calls upon Beogh to heal the orc priest.
The orc priest's wounds heal themselves!
You climb upwards.
There is a stone staircase leading down here.
Unknown command.
Casting: Ensorcelled Hibernation (safe; 13% risk of failure)
Confirm with . or Enter, or press ? or * to list all spells.
Okay, then.
b - a +3 dagger (weapon)
You closely miss the kobold. You grab the kobold.
You constrict the kobold, but do no damage.
The orc misses you. The orc priest hits you with a +0 whip.
The kobold misses you. The orc hits you with a +0 short sword.
You hit the kobold but do no damage. You squeeze the kobold.
The kobold is heavily wounded.
You constrict the kobold.
You kill the kobold!
The orc hits you with a +0 whip. The orc priest hits you with a +0 whip.
* * * LOW HITPOINT WARNING * * *
The orc completely misses you.
It was a potion of might.
You feel very mighty all of a sudden. The orc barely misses you.
The orc priest barely misses you. The orc closely misses you.
Unknown command.
You hit the orc priest. Your grab misses the orc priest.
The orc priest is moderately wounded.
The orc hits you with a +0 whip.
You die...

.......#....#.............##.####
..........#.#.#.........#.###.###
..##..........#..##....##.# ##...
..#.........>...........#.# ####
.................##.#.....#
..#....##.#.####.##.#...).#######
..........#.# #.##.#.#<.........
#.##.#.####.# #o##.#.....#.#####
#.##.#.####.####@##.#.....#.#
#...........##.)oo..####.##.#
####...........#.#### #.##.#
###....######.# #.##.# ####.# #.#
#.##.# #.# #.# #.##.#####
#########.######.# #.##...h..
#................## #.########
..#######.#####...## #.#


You could see an orc priest and 2 orcs.

Vanquished Creatures
  A howler monkey (D:3)
  An orc priest (D:3)
  An adder (D:2)
  3 shadow imps (D:3)
  A dart slug (D:1)
  5 ball pythons
  4 endoplasms
  6 giant cockroaches
  10 goblins
  4 hobgoblins
  10 jackals
  5 kobolds
  2 quokkas (D:1)
  6 bats
  6 frilled lizards
  5 rats
70 creatures vanquished.

Notes
Turn   | Place    | Note
-------+----------+-------------------------------------------
     0 | D:1      | mopl the Octopode Hexslinger began the quest for the Orb.
     0 | D:1      | Reached XP level 1. HP: 13/13 MP: 2/2
    87 | D:1      | Reached XP level 2. HP: 18/18 MP: 3/3
   117 | D:1      | You fall into a shaft and drop 1 floor!
   130 | D:2      | Noticed Terence
   311 | D:3      | Reached XP level 3. HP: 20/23 MP: 5/5
   532 | D:2      | Reached skill level 3 in Ranged Weapons
   716 | D:2      | Found a hazy altar of Hepliaklqana.
  1184 | D:1      | Reached XP level 4. HP: 26/28 MP: 6/6
  1992 | D:3      | Found a transporter.
  2126 | D:3      | Found a transporter.
  2625 | D:3      | Reached skill level 2 in Spellcasting
  2625 | D:3      | Reached XP level 5. HP: 33/33 MP: 6/8
  2761 | D:4      | Learned a level 2 spell: Ensorcelled Hibernation
  2820 | D:3      | Learned a level 2 spell: Passwall
  2824 | D:3      | Learned a level 3 spell: Inner Flame
  2920 | D:4      | Noticed Eustachio
  3415 | D:3      | Slain by an orc

Illustrated notes

Levels and vault maps discovered:
D:1:      dpeg_arrival_shelter, layout_loops_cross, amcnicky_mini_pool_small,
          dreamdust_wishing_well
D:2:      layout_basic, basic_altar, kennysheep_donut, uniq_terence
D:3:      gammafunk_wand_slinger, layout_loops_ring
D:4:      layout_cave_pods, hangedman_decor_riveting, uniq_eustachio

Skill      XL: |  1  2  3  4 |
---------------+-------------+-----
Ranged Weapons | 3 |  3.7
Spellcasting   | 2 |  2.2
Fighting       | |  1.6
Dodging        | |  2.4
Stealth        | |  0.8
Hexes          | |  3.6
Evocations     | |  0.8

Action                   |  1- 3 |  4- 6 || total
-------------------------+-------+-------++-------
Melee: Unarmed           |       |     9 ||     9
       Constrict         |       |     3 ||     3
       Tentacles         |       |     3 ||     3
       Dagger            |       |    10 ||    10
 Fire: Sling             |   169 |    96 ||   265
 Cast: Slow              |    10 |    15 ||    25
       Ensorcelled Hiber |       |     6 ||     6
  Use: Potion            |       |     1 ||     1
 Stab: Sleeping          |       |     3 ||     3
Armor: Skin              |     4 |       ||     4
Dodge: Dodged            |   118 |    48 ||   166

Table legend: (Time is in decaauts)
 A = Elapsed time spent in this place.
 B = Non-inter-level travel time spent in this place.
 C = Inter-level travel time spent in this place.
 D = Time resting spent in this place.
 E = Time spent auto-exploring this place.
 F = Levels seen in this place.
 G = Mean time per level.
                   A        B        C        D        E       F      G
               +--------+--------+--------+--------+--------+-----+--------+
         Total |   3482 |   3221 |    261 |    695 |   1699 |   4 |  870.5 |
       Dungeon |   3482 |   3221 |    261 |    695 |   1699 |   4 |  870.5 |
               +--------+--------+--------+--------+--------+-----+--------+

Top non-repeatable levels by time:
     D:3: 1496 daAuts
     D:2: 1076 daAuts
     D:1: 739 daAuts
     D:4: 169 daAuts
